 Dungeon Crawl Stone Soup version 0.31-a0-1499-ge0622b2318 (webtiles) character file.

Game seed: 9299510608781047693

4782 jasper the Reanimator (level 10, -5/76 HPs)
             Began as a Human Necromancer on Dec 29, 2023.
             Was an Elder of Cheibriados.
             Killed by divine providence
             ... invoked by an orc priest
              (13 damage)
             ... on level 8 of the Dungeon.
             The game lasted 00:13:48 (7722 turns).

jasper the Reanimator (Human Necromancer)           Turns: 7722, Time: 00:13:48

Health: -5/76      AC: 12    Str: 19    XL:     10   Next: 47%
Magic:  1/22       EV: 12    Int: 28    God:    Cheibriados [****..]
Gold:   315        SH:  6    Dex: 22    Spells: 1/13 levels left

rFire   . . .        o - +4 trident (drain)
rCold   . . .        j - +0 buckler
rNeg    + . .        D - +0 steam dragon scales
rPois   .            u - +0 helmet
rElec   .            C - +2 cloak
rCorr   .            (no gloves)
SInv    .            n - +0 pair of boots
Will    .....        (no amulet)
Stlth   ++           g - ring of magical power
HPRegen 0.32/turn    l - ring of positive energy
MPRegen 0.18/turn

%: no passive effects
@: very slow
A: explore regen
a: Renounce Religion, Bend Time, Temporal Distortion, Slouch


You were on level 8 of the Dungeon.
You worshipped Cheibriados.
Cheibriados was greatly pleased with you.
You visited 2 branches of the dungeon, and saw 9 of its levels.
You also visited: Sewer.

You collected 378 gold pieces.
You spent 63 gold pieces at shops.

Inventory:

Hand Weapons
 b - a +0 whip
 d - a +0 club
 o - a +4 trident of draining (weapon)
 t - a +0 rapier
Missiles
 e - 48 stones
Armour
 a - a +0 robe
 f - a +0 ring mail
 j - a +0 buckler (worn)
 n - a +0 pair of boots (worn)
 u - a +0 helmet (worn)
 C - a +2 cloak (worn)
 D - +0 steam dragon scales (worn)
Jewellery
 g - a ring of magical power (left hand)
 l - a ring of positive energy (right hand)
 r - an amulet of guardian spirit
 x - a +6 ring of strength
 B - a ring of magical power
Wands
 w - a wand of flame (12)
Scrolls
 c - a scroll of immolation
 p - 3 scrolls of vulnerability
 v - 3 scrolls of teleportation
 y - a scroll of identify
 z - a scroll of enchant weapon {unknown}
Potions
 i - 2 potions of might {unknown}
 k - 3 potions of mutation
 m - 3 potions of enlightenment
 q - 4 potions of degeneration {unknown}
 s - a potion of cancellation {unknown}
 A - a potion of lignification


   Skills:
 + Level 6.2 Fighting
 + Level 6.2 Armour
 - Level 2.0 Dodging
 - Level 2.0 Stealth
 - Level 4.4 Shields
 - Level 2.0 Spellcasting
 - Level 6.0 Conjurations
 - Level 8.2 Necromancy
 - Level 6.0 Earth Magic


You had one spell level left.
You knew the following spells:

 Your Spells              Type           Power      Damage    Failure   Level
a - Necrotise             Necr           100%       1d9       1%          1
b - Vampiric Draining     Necr           49%        2d9       1%          3
c - Stone Arrow           Conj/Erth      72%        3d11      2%          3
d - Apportation           Tloc           4%         N/A       11%         1
e - Animate Dead          Necr           49%        N/A       3%          4

Your spell library contained the following spells:

 Spells                   Type           Power      Damage    Failure   Level
 Sandblast                Erth           72%        2d16      1%          1
 Sting                    Conj/Alch      76%        1d7       3%          1
 Summon Small Mammal      Summ           8%         N/A       11%         1
 Passwall                 Erth           36%        N/A       2%          3
 Brom's Barrelling Bould  Conj/Erth      36%        2d6       10%         4
 Curse of Agony           Necr           49%        N/A       11%         5
 Gell's Gravitas          Tloc           2%         N/A       32%         3
 Teleport Other           Tloc           2%         N/A       32%         3
 Tukima's Dance           Hex            2%         N/A       32%         3
 Passage of Golubria      Tloc           2%         N/A       73%         4
 Yara's Violent Unravell  Hex/Alch       1%         3d3       97%         5
 Dispersal                Tloc           1%         N/A       100%        6


Dungeon Overview and Level Annotations

Branches:
Dungeon (8/15)             Temple (1/1) D:4           Sewer (visited)
   Lair: D:8-11

Altars:
Ashenzari
Cheibriados
Dithmenos
Elyvilon
Fedhas
Gozag
Hepliaklqana
Kikubaaqudgha
Makhleb
Nemelex Xobeh
Okawaru
Qazlal
Ru
Sif Muna
Trog
Uskayaw
Vehumet
Wu Jian
Yredelemnul

Shops:
D:1 [   D:5 [

Annotations:
D:5 Edmund
D:7 2 transporters, exclusion: oklob plant


Innate Abilities, Weirdness & Mutations

You regain HP and MP as you explore.


Message History

You kill the orc!
Cheibriados appreciates the change of pace.
You feel life coursing into your body.
The orc priest mumbles some strange prayers to Beogh against you.
Beogh smites you!
* * * LOW HITPOINT WARNING * * *
You take 13 damage, and have 5/76 hp.
You now have 0/22 mp.
Okay, then.
Okay, then.
Okay, then.
Reach: o) +4 trident (drain)
Press: ? - help, Dir - move target, f - orc priest
Aim: an orc priest, wielding a +0 flail of protection (about 31% to evade your +4 trident of draining)
You reach to attack!
You closely miss the orc priest. The orc closely misses you.
You hit the orc.
The orc is almost dead.
The orc hits you but does no damage.
You hit the orc.
You kill the orc!
Cheibriados appreciates the change of pace.
The orc priest mumbles some strange prayers to Beogh against you.
You struggle to resist.
Reach: o) +4 trident (drain)
Press: ? - help, Dir - move target, f/p - orc priest
Aim: an orc priest, wielding a +0 flail of protection (about 31% to evade your +4 trident of draining)
You reach to attack!
You barely miss the orc priest. The orc priest barely misses you.
You hit the orc priest.
The orc priest is moderately wounded.
You block the orc priest's attack.
You closely miss the orc priest.
The orc priest is moderately wounded.
The orc priest closely misses you.
You hit the orc priest but do no damage.
You drain the orc priest.
The orc priest is heavily wounded.
The orc priest mumbles some strange prayers to Beogh against you.
Beogh smites you!
You die...

#####.# .......#
......# ......#
♣#######.....#
♣.o@..##.....#
.P....###.##.....#
..... #..'.....#
.P.P ####.....#
.P. #<†....# P.
#......# .
#......# #......#
#...####


You could see an orc priest (very drained).

Vanquished Creatures
  Jeremiah (D:7)
  Sigmund (D:3)
  5 yaks (D:8)
  2 basilisks (D:8)
  A steam dragon (D:8)
  Menkaure (D:7)
  5 water moccasins
  2 orc warriors (D:5)
  A black bear (D:7)
  A sky beast (D:6)
  3 ice beasts
  2 centaurs
  2 kobold brigands (Sewer)
  3 bullfrogs
  A scorpion (D:8)
  4 wights (D:7)
  A bombardier beetle (D:4)
  4 jellies
  4 hounds
  6 orc priests
  Crazy Yiuf (D:7)
  A sleepcap (D:7)
  Jessica (D:3)
  5 iguanas
  Terence (D:3)
  8 orc wizards
  7 adders
  A gnoll (D:6)
  A river rat (Sewer)
  2 shadow imps
  A white imp (D:5)
  4 ufetubi
  4 dart slugs
  21 orcs
  2 ball pythons (D:1)
  4 bats
  9 endoplasms
  5 giant cockroaches
  6 goblins
  11 hobgoblins
  A jackal (Sewer)
  11 kobolds
  4 quokkas
  11 frilled lizards
  7 rats
179 creatures vanquished.

Vanquished Creatures (collateral kills)
  A wight (D:7)
  A shadow imp (D:7)
  2 dart slugs
  A goblin (D:1)
  A frilled lizard (D:1)
6 creatures vanquished.

Vanquished Creatures (others)
  An orc zombie (D:7)
1 creature vanquished.

Grand Total: 186 creatures vanquished

Notes
Turn   | Place    | Note
-------+----------+-------------------------------------------
     0 | D:1      | jasper the Human Necromancer began the quest for the Orb.
     0 | D:1      | Reached XP level 1. HP: 13/13 MP: 3/3
   129 | D:1      | Reached XP level 2. HP: 19/19 MP: 3/5
   510 | D:1      | Found Bununon's Armour Boutique.
   515 | D:1      | Reached XP level 3. HP: 24/24 MP: 2/6
   558 | D:1      | Learned a level 3 spell: Vampiric Draining
   590 | D:1      | Reached skill level 5 in Necromancy
  1113 | D:2      | Reached XP level 4. HP: 30/30 MP: 7/7
  1312 | D:1      | Bought a +0 pair of boots for 63 gold pieces
  1795 | D:2      | Learned a level 3 spell: Stone Arrow
  1867 | D:3      | Noticed Sigmund
  1872 | D:3      | Killed Sigmund
  1873 | D:3      | Reached skill level 7 in Necromancy
  1873 | D:3      | Reached XP level 5. HP: 24/35 MP: 8/8
  1873 | D:3      | Reached XP level 6. HP: 28/41 MP: 9/9
  1966 | D:3      | Noticed Terence
  1972 | D:3      | Killed Terence
  2340 | D:3      | Found a faded altar of an unknown god.
  2449 | D:3      | Noticed Jessica
  2453 | D:3      | Killed Jessica
  2686 | D:4      | Found a staircase to the Ecumenical Temple.
  2709 | Temple   | Entered the Ecumenical Temple
  2718 | Temple   | Became a worshipper of Cheibriados the Contemplative
  2898 | D:4      | Reached skill level 8 in Necromancy
  2898 | D:4      | Reached XP level 7. HP: 46/46 MP: 10/10
  3404 | D:5      | Entered Level 5 of the Dungeon
  3432 | D:5      | Found Ehutz's Antique Armour Shop.
  3444 | D:5      | Reached skill level 1 in Conjurations
  3444 | D:5      | Reached skill level 1 in Earth Magic
  3540 | D:5      | Reached * piety under Cheibriados
  3713 | D:5      | Learned a level 1 spell: Apportation
  4296 | D:5      | Reached XP level 8. HP: 32/52 MP: 11/11
  4507 | D:5      | Noticed Edmund
  4867 | D:6      | Reached skill level 5 in Conjurations
  4902 | D:6      | Reached skill level 5 in Earth Magic
  4907 | D:6      | Reached ** piety under Cheibriados
  5132 | D:6      | Found a glowing drain.
  5144 | Sewer    | Entered a sewer
  5300 | Sewer    | Reached XP level 9. HP: 45/57 MP: 2/12
  5424 | Sewer    | Found a white marble altar of Elyvilon.
  5555 | D:5      | Reached skill level 1 in Fighting
  5555 | D:5      | Reached skill level 1 in Armour
  5555 | D:5      | Reached skill level 1 in Shields
  5604 | D:6      | Learned a level 4 spell: Animate Dead
  5656 | D:6      | Found a radiant altar of Vehumet.
  5658 | D:6      | Reached *** piety under Cheibriados
  5988 | D:7      | Noticed Menkaure
  6008 | D:7      | Killed Menkaure
  6164 | D:7      | Found a runed translucent door.
  6165 | D:7      | Noticed Crazy Yiuf
  6264 | D:7      | Noticed Jeremiah
  6268 | D:7      | Found a transporter.
  6288 | D:7      | HP: 2/50 [Jeremiah/+4 trident of draining (2)]
  6296 | D:7      | Killed Jeremiah
  6453 | D:7      | Noticed an oklob plant
  6465 | D:7      | Found a transporter.
  7480 | D:7      | Killed Crazy Yiuf
  7565 | D:8      | Reached XP level 10. HP: 73/73 MP: 12/13
  7635 | D:8      | Reached skill level 5 in Fighting
  7651 | D:8      | Reached skill level 5 in Armour
  7670 | D:8      | Reached **** piety under Cheibriados
  7722 | D:8      | Killed from afar by an orc priest

Illustrated notes

Levels and vault maps discovered:
D:1:      psy_arrival_radial01, layout_rooms, serial_shops, shop, st_stairs_8
D:2:      layout_rooms
D:3:      layout_loops_ring, basic_ecumenical_altar, uniq_terence, uniq_sigmund,
          uniq_jessica
D:4:      layout_basic, minmay_temple_entry_ruins, serial_rivers,
          chequers_serial_rivers_marsh, chequers_serial_rivers_small_b,
          chequers_serial_rivers_micro_a, chequers_serial_rivers_small_a,
          minmay_lizard_king
D:5:      layout_layer_cave, serial_glass, glass_columns_a, glass_columns_a,
          chequers_serial_rivers_micro_b, nicolae_take_the_stairs,
          serial_bayou_pond_b, uniq_edmund
D:6:      layout_cave_pools, vehumet_altar_wand_db, portal_sewer_entry_d,
          corexii_item_surrounded_by_moat, kennysheep_generic_room_11
D:7:      layout_cave_pods, nzn_ghost_randoct, uniq_crazy_yiuf_cottage,
          uniq_menkaure, uniq_jeremiah
D:8:      layout_basic, minmay_lair_entry_grove, uniq_maggie
Temple:   nicolae_temple_no_exploring_needed

Skill      XL: |  1  2  3  4  5  6  7  8  9 10 |
---------------+-------------------------------+-----
Necromancy     | 5 7 8 |  8.2
Conjurations   | 3 5 6 |  6.0
Earth Magic    | 3 5 6 |  6.0
Fighting       | 4 6 |  6.2
Armour         | 4 6 |  6.2
Shields        | 4 |  4.4
Dodging        | |  2.0
Stealth        | |  2.0
Spellcasting   | |  2.0

Action                     |  1- 3 |  4- 6 |  7- 9 | 10-12 || total
---------------------------+-------+-------+-------+-------++-------
  Melee: Club              |     2 |       |       |       ||     2
         Rapier            |       |       |   129 |       ||   129
         Unarmed           |       |       |     4 |       ||     4
         Trident           |       |       |    20 |    66 ||    86
   Cast: Necrotise         |    67 |    84 |   102 |       ||   253
         Vampiric Draining |       |       |    39 |    10 ||    49
         Stone Arrow       |       |       |    41 |     4 ||    45
         Animate Dead      |       |       |     1 |       ||     1
  Evoke: Wand              |       |       |     2 |     1 ||     3
    Use: Potion            |     1 |       |     3 |     2 ||     6
         Scroll            |     2 |       |     7 |       ||     9
   Stab: Sleeping          |       |       |     1 |       ||     1
 Armour: Robe              |     8 |       |       |       ||     8
         Ring mail         |       |    11 |   251 |       ||   262
         Skin              |       |       |    13 |       ||    13
         Steam dragon scal |       |       |       |    65 ||    65
  Dodge: Dodged            |    11 |     3 |   116 |    39 ||   169
  Block: Buckler           |       |       |    58 |    19 ||    77

Table legend: (Time is in decaauts)
 A = Elapsed time spent in this place.
 B = Non-inter-level travel time spent in this place.
 C = Inter-level travel time spent in this place.
 D = Time resting spent in this place.
 E = Time spent auto-exploring this place.
 F = Levels seen in this place.
 G = Mean time per level.
                   A        B        C        D        E       F      G
               +--------+--------+--------+--------+--------+-----+--------+
         Total |   8976 |   8526 |    450 |    188 |   6916 |  10 |  897.6 |
       Dungeon |   8544 |   8113 |    431 |    188 |   6604 |   8 | 1068.0 |
        Temple |     21 |      3 |     18 |      0 |      0 |   1 |   21.0 |
         Sewer |    410 |    410 |      0 |      0 |    312 |   1 |  410.0 |
               +--------+--------+--------+--------+--------+-----+--------+

Top non-repeatable levels by time:
     D:7: 2245 daAuts
     D:5: 1437 daAuts
     D:6: 1152 daAuts
     D:1: 1001 daAuts
     D:4: 932 daAuts
     D:2: 830 daAuts
     D:3: 755 daAuts
   Sewer: 410 daAuts
     D:8: 189 daAuts
  Temple: 21 daAuts
